 Dungeon Crawl Stone Soup version 0.31-a0-165-g3f4f80340b (webtiles) character file.

Game seed: 2320961039456962356

12280 qw the Cleaver (level 11, -5/69 HPs)
             Began as a Gargoyle Fighter on June 13, 2023.
             Was an Elder of Okawaru.
             Killed from afar by a lindwurm (9 damage)
             ... with a blast of flame
             ... on level 1 of the Lair of Beasts.
             The game lasted 00:04:53 (8655 turns).

qw the Cleaver (Gargoyle Fighter)                   Turns: 8655, Time: 00:04:53

Health: -5/69      AC: 28    Str: 24    XL:     11   Next: 90%
Magic:  15/16      EV: 10    Int:  9    God:    Okawaru [****..]
Gold:   593        SH: 12    Dex:  9    Spells: 10/10 levels left

rFire   + . .        Y - +2 war axe
rCold   . . .        s - +0 kite shield
rNeg    + . .        c - +2 chain mail {rF+}
rPois   inf          b - +1 helmet
rElec   +            (no cloak)
rCorr   .            l - +2 pair of gloves
SInv    .            (no boots)
Will    .....        t - amulet of faith Stlth
                     (no ring)
HPRegen 0.31/turn    (no ring)
MPRegen 0.15/turn

%: faith
@: about to teleport, heroic
A: sickness immunity, AC +8, negative energy resistance 1, electricity
resistance, torment resistance 1, petrification resistance
a: Renounce Religion, Heroism, Finesse


You were on level 1 of the Lair of Beasts.
You worshipped Okawaru.
Okawaru was greatly pleased with you.
You visited 3 branches of the dungeon, and saw 12 of its levels.

You collected 728 gold pieces.
You spent 135 gold pieces at shops.


Innate Abilities, Weirdness & Mutations

You are immune to sickness and miasma.
Your stone body is resilient. (AC +8)
You are immune to poison.
You resist negative energy. (rN+)
You are resistant to electric shocks. (rElec)
You are resistant to unholy torment.
You are immune to petrification.


   Skills:
 - Level 8.9(13.9) Fighting
 - Level 11.0(16.0) Axes
 - Level 2.1(7.1) Throwing
 - Level 6.1(11.1) Armour
 + Level 1.7(6.7) Dodging
 - Level 9.9(14.9) Shields
 + Level 7.7 Invocations


You had 10 spell levels left.
You didn't know any spells.
Your spell library was empty.

Inventory:

Hand Weapons
 p - a +0 morningstar
 Y - a +2 war axe (weapon)
Missiles
 k - 4 boomerangs (quivered)
Armour
 b - a +1 helmet (worn)
 c - a +2 chain mail of fire resistance (worn)
 l - a +2 pair of gloves (worn)
 n - a +4 chain mail of positive energy
 s - a +0 kite shield (worn)
Jewellery
 g - an amulet of reflection
 t - an amulet of faith (around neck)
Wands
 m - a wand of digging (5)
Scrolls
 a - a scroll of identify
 f - 4 scrolls of teleportation
Potions
 d - a potion of might
 e - a potion of attraction
 i - 9 potions of curing
 j - 2 potions of mutation
 o - a potion of magic
 q - a potion of enlightenment {unknown}
 r - a potion of resistance {unknown}

Dungeon Overview and Level Annotations

Branches:
Dungeon (10/15)            Temple (1/1) D:4            Lair (1/5) D:10
    Orc: D:9-12

Altars:
Ashenzari
Cheibriados
Dithmenos
Elyvilon
Fedhas
Gozag
Hepliaklqana
Kikubaaqudgha
Makhleb
Nemelex Xobeh
Okawaru
Qazlal
Ru
Sif Muna
Trog
Uskayaw
Vehumet
Wu Jian
Xom
Yredelemnul
Zin
The Shining One

Shops:
D:3 =?   D:8 (   D:10 :

Annotations:
D:1 exclusion: 2 goblins
D:8 2 transporters, qw's ghost, novice GrFi


Message History

Enter note: The lindwurm breathes flames at you.
The blast of flame hits you! You resist.
Enter note:
Enter note:
Enter note:
Enter note:
Enter note: You hit the lindwurm.
The lindwurm is lightly wounded.
The lindwurm bites you but does no damage.
The lindwurm claws you.
The lindwurm claws you but does no damage.
The lindwurm breathes flames at you. The blast of flame hits you! You resist.
You barely miss the lindwurm.
The lindwurm is lightly wounded.
You slice the lindwurm!!
The lindwurm is heavily wounded.
The lindwurm bites you! The lindwurm claws you.
You block the lindwurm's attack.
You slash the lindwurm!
The lindwurm is severely wounded.
The lindwurm breathes flames at you. The blast of flame hits you! You resist.
8652 ||| READING 5 scrolls of teleportation.
As you read the scroll of teleportation, it crumbles to dust.
You feel strangely unstable.
You block the lindwurm's attack. x2; The lindwurm barely misses you.
You barely miss the lindwurm.
The lindwurm is severely wounded.
You hit the lindwurm.
The lindwurm is severely wounded.
The lindwurm bites you! The lindwurm barely misses you.
You block the lindwurm's attack.
You slash the lindwurm!
The lindwurm is almost dead.
You hit the lindwurm but do no damage. The lindwurm breathes flames at you.
The blast of flame hits you! You resist.
You die...

......... .....
......... .....
...................
..... ......#......
...... #....#......
...... #P.........
......####..k......
.........#k@.^.....
.k...$.............
...#............
##............
#...........##
##...........P#
#..!..........#
##.............#
##............#


You could see 2 lindwurms.

Vanquished Creatures
  Harold (D:9)
  A two-headed ogre (D:9)
  A lindwurm (Lair:1)
  A manticore (D:10)
  Joseph (D:9)
  A cane toad (Lair:1)
  Maggie (D:9)
  A komodo dragon (Lair:1)
  A troll (D:10)
  A hornet (D:8)
  Sigmund (D:3)
  3 wyverns
  A shadow (D:10)
  21 yaks
  A basilisk (Lair:1)
  Grum (D:9)
  A steam dragon (D:9)
  A water moccasin (D:8)
  2 black bears
  2 ice beasts
  3 sky beasts (D:7)
  An orc warrior (D:8)
  2 wolves (D:9)
  2 ogres
  2 centaurs
  4 phantoms
  3 bullfrogs
  2 kobold brigands
  Blork the orc (D:4)
  A gnoll sergeant (D:5)
  A water moccasin zombie (D:5)
  9 scorpions
  6 killer bees (D:7)
  5 howler monkeys
  3 vampire bats (D:9)
  3 bullfrog zombies (D:5)
  A centaur zombie (D:5)
  3 jellies
  3 orc priests
  3 sleepcaps
  3 hounds
  3 bullfrog skeletons (D:5)
  A centaur skeleton (D:5)
  2 gnoll boudas
  An iguana (D:4)
  5 hell rats (Lair:1)
  3 orc wizards
  2 hound zombies (D:5)
  4 hound skeletons (D:5)
  A howler monkey zombie (D:5)
  17 gnolls
  13 adders
  An ufetubus (D:5)
  A worm (D:2)
  A dart slug (D:2)
  26 orcs
  5 ball pythons
  3 bat skeletons (D:9)
  3 bat zombies (D:9)
  6 endoplasms
  6 giant cockroaches
  9 goblins
  7 hobgoblins
  3 quokkas
  2 bats
  2 frilled lizards
  13 kobolds
  5 rats
250 creatures vanquished.

Notes
Turn   | Place    | Note
-------+----------+-------------------------------------------
     0 | D:1      | qw the Gargoyle Fighter began the quest for the Orb.
     0 | D:1      | Reached XP level 1. HP: 14/14 MP: 1/1
     0 | D:1      | 0 ||| qw: Version: 0.2-a-29-gc1b59c4
     0 | D:1      | 0 ||| qw: Game counter: 4687
     0 | D:1      | 0 ||| qw: Always use a shield: true
     0 | D:1      | 0 ||| qw: God list: Okawaru
     0 | D:1      | 0 ||| qw: Allow faded altars: false
     0 | D:1      | 0 ||| qw: Do Orc after D:15 true
     0 | D:1      | 0 ||| qw: Do second Lair branch before Depths: true
     0 | D:1      | 0 ||| qw: Lair rune preference: random
     0 | D:1      | 0 ||| qw: Plans: Normal, Zot:1-4, Slime:5, God:TSO, Crypt,
                  | Tomb, Abyss, Pan, Hells, Win
     0 | D:1      | 0 ||| PLANNING D:1-11
    54 | D:1      | Reached skill level 2 in Axes
    71 | D:1      | 71 ||| READING scroll labelled NOANKE HIENIBRU.
   135 | D:2      | Reached XP level 2. HP: 18/19 MP: 2/2
   295 | D:2      | 295 ||| Stepping ~*~*~tactically~*~*~ (hiding).
   367 | D:2      | 367 ||| DROPPING +0 club.
   416 | D:2      | Reached skill level 3 in Axes
   416 | D:2      | Reached XP level 3. HP: 23/23 MP: 3/3
   485 | D:2      | 485 ||| Stepping ~*~*~tactically~*~*~ (stealth).
   592 | D:2      | Reached skill level 1 in Throwing
   662 | D:2      | 662 ||| DROPPING +3 leather armour.
   663 | D:2      | 663 ||| UPGRADING to +2 pair of gloves.
   668 | D:2      | 668 ||| UPGRADING to amulet of regeneration.
   673 | D:2      | 673 ||| READING scroll labelled VOOVVOT TAHUOSTRU.
   674 | D:2      | 674 ||| READING scroll labelled RABREV ZYM DEO.
   675 | D:2      | 675 ||| READING scroll labelled ECZIPS POZAORE.
   676 | D:2      | 676 ||| READING 2 scrolls labelled RATSAO IPUF.
   695 | D:3      | Reached XP level 4. HP: 28/28 MP: 4/4
   704 | D:3      | Reached skill level 4 in Axes
   741 | D:3      | Found Cohud's Jewellery Boutique.
   772 | D:3      | 772 ||| Stepping ~*~*~tactically~*~*~ (stealth).
   778 | D:3      | 778 ||| Stepping ~*~*~tactically~*~*~ (stealth).
   784 | D:3      | Noticed Sigmund
   793 | D:3      | Reached XP level 5. HP: 29/32 MP: 5/5
   828 | D:3      | Killed Sigmund
   829 | D:3      | Reached skill level 5 in Axes
   829 | D:3      | Reached XP level 6. HP: 37/37 MP: 6/6
   958 | D:3      | 958 ||| DROPPING +0 mace.
   959 | D:3      | Found Noef's Jewellery Emporium.
   986 | D:3      | 986 ||| SHOPLISTING +6 ring of dexterity (432 gold, have
                  | 95).
   986 | D:3      | 986 ||| SHOPLISTING amulet of Sin {rPois rF+ Regen+ Int+3
                  | Stlth+} (687 gold, have 95).
   986 | D:3      | 986 ||| SHOPLISTING amulet of faith (480 gold, have 95).
   986 | D:3      | 986 ||| SHOPLISTING ring of fire (300 gold, have 95).
   986 | D:3      | 986 ||| SHOPLISTING ring of ice (300 gold, have 95).
  1120 | D:3      | 1120 ||| Stepping ~*~*~tactically~*~*~ (stealth).
  1293 | D:3      | Found Avado's Magic Scroll Boutique.
  1300 | D:3      | 1300 ||| BUYING scroll of enchant weapon (75 gold).
  1300 | D:3      | Bought a scroll of enchant weapon for 75 gold pieces
  1300 | D:3      | 1300 ||| BUYING scroll of identify (20 gold).
  1300 | D:3      | Bought a scroll of identify for 20 gold pieces
  1300 | D:3      | 1300 ||| BUYING scroll of identify (20 gold).
  1300 | D:3      | Bought a scroll of identify for 20 gold pieces
  1300 | D:3      | 1300 ||| BUYING scroll of identify (20 gold).
  1300 | D:3      | Bought a scroll of identify for 20 gold pieces
  1300 | D:3      | 1300 ||| SHOPLISTING scroll of teleportation (30 gold, have
                  | 3).
  1300 | D:3      | 1300 ||| READING scroll of enchant weapon.
  1300 | D:3      | 1300 ||| ENCHANTING +1 war axe.
  1510 | D:3      | 1510 ||| UPGRADING to +0 chain mail.
  1520 | D:3      | 1520 ||| DROPPING +0 scale mail.
  1521 | D:3      | 1521 ||| READING 3 scrolls labelled QEJYSI GEROM.
  1522 | D:3      | 1522 ||| DRINKING 3 yellow potions.
  1523 | D:3      | 1523 ||| READING 4 scrolls of identify.
  1523 | D:3      | 1523 ||| IDENTIFYING grey potion
  1524 | D:3      | 1524 ||| READING 3 scrolls of identify.
  1524 | D:3      | 1524 ||| IDENTIFYING smoky purple potion
  1525 | D:3      | 1525 ||| DROPPING 2 scrolls of fog.
  1560 | D:4      | 1560 ||| PLANNING SEWER
  1664 | D:4      | Found a glowing golden altar of the Shining One.
  1680 | D:4      | Reached skill level 6 in Axes
  1690 | D:4      | Reached skill level 1 in Dodging
  1690 | D:4      | Reached XP level 7. HP: 43/43 MP: 7/7
  1761 | D:4      | 1761 ||| Stepping ~*~*~tactically~*~*~ (stealth).
  2065 | D:4      | Found a staircase to the Ecumenical Temple.
  2164 | D:4      | 2164 ||| RIP SEWER
  2184 | D:4      | Noticed Blork the orc
  2185 | D:4      | 2185 ||| PLANNING TEMPLE
  2194 | D:4      | Killed Blork the orc
  2195 | D:4      | 2195 ||| READING scroll labelled KEOGOG IRUELUWK.
  2224 | Temple   | Entered the Ecumenical Temple
  2231 | Temple   | 2231 ||| PLANNING OKAWARU WORSHIP
  2238 | Temple   | Became a worshipper of Warmaster Okawaru
  2238 | Temple   | 2238 ||| PLANNING D:1-11
  2381 | D:4      | 2381 ||| Stepping ~*~*~tactically~*~*~ (water).
  2411 | D:4      | 2411 ||| Stepping ~*~*~tactically~*~*~ (water).
  2588 | D:4      | Found a shimmering blue altar of Sif Muna.
  2667 | D:5      | Entered Level 5 of the Dungeon
  2714 | D:5      | Reached skill level 7 in Axes
  2738 | D:5      | 2738 ||| Stepping ~*~*~tactically~*~*~ (hiding).
  2740 | D:5      | 2740 ||| Stepping ~*~*~tactically~*~*~ (hiding).
  2749 | D:5      | 2749 ||| Stepping ~*~*~tactically~*~*~ (hiding).
  2761 | D:5      | HP: 11/44 [gnoll sergeant/+0 spear of freezing (7)]
  2762 | D:5      | 2762 ||| READING 2 scrolls of teleportation.
  2763 | D:5      | 2763 ||| DRINKING potion of heal wounds.
  2766 | D:5      | Reached XP level 8. HP: 24/49 MP: 8/8
  2768 | D:5      | 2768 ||| Stepping ~*~*~tactically~*~*~ (hiding).
  2787 | D:5      | HP: 12/49 [gnoll/+0 heavy spear[a gnoll sergeant] (5)]
  2788 | D:5      | 2788 ||| READING scroll of teleportation.
  2839 | D:5      | 2839 ||| Stepping ~*~*~tactically~*~*~ (hiding).
  2840 | D:5      | 2840 ||| Stepping ~*~*~tactically~*~*~ (hiding).
  2841 | D:5      | 2841 ||| Stepping ~*~*~tactically~*~*~ (hiding).
  2845 | D:5      | Reached * piety under Okawaru
  2846 | D:5      | Reached skill level 8 in Axes
  2950 | D:5      | 2950 ||| INVOKING Heroism.
  2954 | D:5      | 2954 ||| Stepping ~*~*~tactically~*~*~ (hiding).
  2959 | D:5      | Found a shimmering altar of Xom.
  3116 | D:5      | Reached skill level 1 in Invocations
  3264 | D:5      | Reached skill level 6 in Fighting
  3297 | D:5      | 3297 ||| Stepping ~*~*~tactically~*~*~ (stealth).
  3341 | D:5      | 3341 ||| Stepping ~*~*~tactically~*~*~ (stealth).
  3375 | D:5      | Reached skill level 3 in Invocations
  3457 | D:5      | 3457 ||| Stepping ~*~*~tactically~*~*~ (stealth).
  3466 | D:5      | Reached XP level 9. HP: 55/55 MP: 11/11
  3577 | D:5      | 3577 ||| UPGRADING to +0 kite shield.
  3587 | D:5      | 3587 ||| DROPPING +0 buckler.
  3588 | D:5      | 3588 ||| READING scroll labelled ILA OTWUDAA.
  3689 | D:5      | 3689 ||| READING scroll labelled KAT SUAMETADD.
  3690 | D:5      | 3690 ||| READING scroll labelled VAROF ENYCETUE.
  3691 | D:5      | 3691 ||| READING scroll labelled YRAWNA AMIOTEE.
  3692 | D:5      | 3692 ||| READING 2 scrolls of identify.
  3692 | D:5      | 3692 ||| IDENTIFYING fizzy purple potion
  3748 | D:6      | Found an opulent altar of Gozag.
  3852 | D:6      | 3852 ||| Stepping ~*~*~tactically~*~*~ (stealth).
  3854 | D:6      | 3854 ||| INVOKING Heroism.
  3999 | D:6      | 3999 ||| INVOKING Heroism.
  4039 | D:6      | 4039 ||| INVOKING Heroism.
  4045 | D:6      | Reached skill level 6 in Shields
  4515 | D:6      | Identified the +10 whip of the Disturbing Knives {protect,
                  | Will+++}
  4529 | D:6      | 4529 ||| UPGRADING to +0 helmet.
  4534 | D:6      | 4534 ||| UPGRADING to +2 chain mail of fire resistance.
  4544 | D:6      | 4544 ||| DROPPING +0 chain mail.
  4545 | D:6      | 4545 ||| DROPPING +1 ring mail of cold resistance.
  4546 | D:6      | 4546 ||| READING scroll of enchant armour.
  4546 | D:6      | 4546 ||| ENCHANTING +0 helmet.
  4547 | D:6      | 4547 ||| UPGRADING to amulet of faith.
  4557 | D:6      | 4557 ||| READING scroll labelled PADOETZODGH.
  4558 | D:6      | 4558 ||| DRINKING 2 emerald potions.
  4559 | D:6      | 4559 ||| DROPPING potion of degeneration.
  4626 | D:7      | Reached ** piety under Okawaru
  4680 | D:7      | 4680 ||| INVOKING Heroism.
  4721 | D:7      | 4721 ||| INVOKING Heroism.
  4761 | D:7      | 4761 ||| Stepping ~*~*~tactically~*~*~ (hiding).
  4763 | D:7      | 4763 ||| Stepping ~*~*~tactically~*~*~ (hiding).
  4771 | D:7      | 4771 ||| Stepping ~*~*~tactically~*~*~ (hiding).
  4812 | D:7      | 4812 ||| Stepping ~*~*~tactically~*~*~ (stealth).
  4836 | D:7      | 4836 ||| Stepping ~*~*~tactically~*~*~ (stealth).
  4905 | D:7      | 4905 ||| READING scroll labelled XICU DECWOLATURPH.
  4960 | D:7      | 4960 ||| INVOKING Heroism.
  4999 | D:7      | 4999 ||| Stepping ~*~*~tactically~*~*~ (stealth).
  5015 | D:7      | Reached XP level 10. HP: 48/60 MP: 13/13
  5068 | D:7      | 5068 ||| Stepping ~*~*~tactically~*~*~ (stealth).
  5104 | D:7      | 5104 ||| Stepping ~*~*~tactically~*~*~ (stealth).
  5122 | D:7      | Reached skill level 9 in Axes
  5254 | D:7      | 5254 ||| Stepping ~*~*~tactically~*~*~ (stealth).
  5306 | D:7      | 5306 ||| DROPPING amulet of regeneration.
  5307 | D:7      | 5307 ||| READING 2 scrolls of identify.
  5307 | D:7      | 5307 ||| IDENTIFYING purple potion
  5308 | D:7      | 5308 ||| DROPPING potion of brilliance.
  5322 | D:8      | Noticed a +0 quick blade
  5322 | D:8      | Noticed a +0 giant spiked club
  5322 | D:8      | Found Mopidocoe's Weapon Boutique.
  5485 | D:8      | 5485 ||| INVOKING Heroism.
  5526 | D:8      | Found a transporter.
  5526 | D:8      | Noticed qw's ghost (novice GrFi)
  5536 | D:8      | 5536 ||| INVOKING Heroism.
  5697 | D:8      | 5697 ||| INVOKING Heroism.
  5714 | D:8      | Reached skill level 9 in Shields
  5824 | D:8      | Found a sparkling altar of Nemelex Xobeh.
  5837 | D:8      | Found a transporter.
  5922 | D:8      | Found a broken altar of Ashenzari.
  6029 | D:9      | Noticed Harold
  6030 | D:9      | 6030 ||| Stepping ~*~*~tactically~*~*~ (hiding).
  6032 | D:9      | 6032 ||| INVOKING Heroism.
  6054 | D:9      | Killed Harold
  6054 | D:9      | Reached *** piety under Okawaru
  6222 | D:9      | 6222 ||| Stepping ~*~*~tactically~*~*~ (hiding).
  6223 | D:9      | 6223 ||| Stepping ~*~*~tactically~*~*~ (hiding).
  6232 | D:9      | Reached skill level 10 in Axes
  6278 | D:9      | Noticed Grum
  6285 | D:9      | 6285 ||| INVOKING Heroism.
  6307 | D:9      | Killed Grum
  6394 | D:9      | 6394 ||| INVOKING Heroism.
  6430 | D:9      | Noticed a two-headed ogre
  6431 | D:9      | 6431 ||| INVOKING Heroism.
  6441 | D:9      | Killed a two-headed ogre
  6442 | D:9      | Reached XP level 11. HP: 59/69 MP: 12/14
  6486 | D:9      | Found an ornate altar of the Wu Jian Council.
  6486 | D:9      | Noticed Maggie
  6501 | D:9      | Killed Maggie
  6519 | D:9      | 6519 ||| DROPPING +0 flail.
  6520 | D:9      | 6520 ||| DROPPING +10 whip of the Disturbing Knives
                  | {protect, Will+++}.
  6550 | D:9      | 6550 ||| Stepping ~*~*~tactically~*~*~ (stealth).
  6557 | D:9      | Reached **** piety under Okawaru
  6562 | D:9      | 6562 ||| INVOKING Heroism.
  6937 | D:9      | Found an ancient bone altar of Kikubaaqudgha.
  6940 | D:9      | 6940 ||| Stepping ~*~*~tactically~*~*~ (stealth).
  6942 | D:9      | 6942 ||| Stepping ~*~*~tactically~*~*~ (stealth).
  7168 | D:9      | Noticed Joseph
  7169 | D:9      | 7169 ||| Stepping ~*~*~tactically~*~*~ (hiding).
  7182 | D:9      | 7182 ||| INVOKING Heroism.
  7189 | D:9      | Killed Joseph
  7271 | D:9      | 7271 ||| READING 3 scrolls labelled GAFREU NYNAEF.
  7272 | D:9      | 7272 ||| DROPPING 2 scrolls of vulnerability.
  7290 | D:10     | Entered Level 10 of the Dungeon
  7374 | D:10     | Received a gift from Okawaru
  7381 | D:10     | Reached skill level 11 in Axes
  7388 | D:10     | 7388 ||| INVOKING Heroism.
  7523 | D:10     | Found Xuakuop's Vocational Training.
  7667 | D:10     | 7667 ||| INVOKING Heroism.
  7678 | D:10     | Reached skill level 6 in Invocations
  7698 | D:10     | Found a radiant altar of Vehumet.
  7739 | D:10     | Found a staircase to the Lair.
  7746 | D:10     | Noticed a manticore
  7748 | D:10     | 7748 ||| INVOKING Heroism.
  7758 | D:10     | Killed a manticore
  7860 | D:10     | Found a sacrificial altar of Ru.
  7860 | D:10     | Found a hazy altar of Hepliaklqana.
  7904 | D:10     | Found a hide-covered altar of Uskayaw.
  7975 | D:10     | Found a burning altar of Makhleb.
  8116 | D:10     | 8116 ||| PLANNING LAIR
  8116 | D:10     | 8116 ||| READING scroll labelled ORPHAMM QEAHAC.
  8163 | D:10     | 8163 ||| DRINKING 2 bubbling emerald potions.
  8164 | D:10     | 8164 ||| DRINKING 10 potions of curing.
  8164 | D:10     | 8164 ||| (to cure confusion)
  8165 | D:10     | 8165 ||| READING 2 scrolls of identify.
  8165 | D:10     | 8165 ||| IDENTIFYING bubbling yellow potion
  8166 | D:10     | 8166 ||| DROPPING potion of ambrosia.
  8189 | Lair:1   | Entered Level 1 of the Lair of Beasts
  8193 | Lair:1   | 8193 ||| INVOKING Heroism.
  8199 | Lair:1   | Reached skill level 6 in Armour
  8228 | Lair:1   | Noticed a lindwurm
  8229 | Lair:1   | 8229 ||| INVOKING Heroism.
  8238 | Lair:1   | Killed a lindwurm
  8426 | Lair:1   | 8426 ||| Stepping ~*~*~tactically~*~*~ (stealth).
  8440 | Lair:1   | 8440 ||| INVOKING Heroism.
  8538 | Lair:1   | 8538 ||| INVOKING Heroism.
  8615 | Lair:1   | 8615 ||| Stepping ~*~*~tactically~*~*~ (hiding).
  8642 | Lair:1   | Noticed a lindwurm
  8643 | Lair:1   | 8643 ||| Stepping ~*~*~tactically~*~*~ (hiding).
  8643 | Lair:1   | Noticed a lindwurm
  8644 | Lair:1   | 8644 ||| INVOKING Heroism.
  8651 | Lair:1   | HP: 15/69 [lindwurm/blast of flame (10)]
  8652 | Lair:1   | 8652 ||| READING 5 scrolls of teleportation.
  8654 | Lair:1   | HP: 4/69 [lindwurm (12)]
  8655 | Lair:1   | Killed from afar by a lindwurm

Levels and vault maps discovered:
D:1:      mainiacjoe_arrival_reflecting_pool, layout_rooms,
          basic_ecumenical_altar, minmay_misc_feat_roman,
          chequers_serial_rivers_micro_e
D:2:      layout_rooms
D:3:      minmay_evil_eye, layout_loops_ring, serial_shops, shop,
          nicolae_shop_statue_plus, shop, nicolae_grassy_gnolls, uniq_sigmund
D:4:      layout_loops_corners, mainiacjoe_overflow_24_doors, tgw_sif,
          minmay_temple_entry_offerings, gup_sewer_entry_spiral
D:5:      layout_basic, old_standard_altar, serial_undead, serial_undead_d,
          serial_undead_d, serial_undead_e, serial_undead_a, serial_undead_f,
          serial_undead_d
D:6:      layout_gridville, nicolae_gozag_cash_rules_everything_around_me
D:7:      layout_cave_pools
D:8:      layout_cave_pools, nemelex_diamond_rough_becter, kennysheep_mini_moat,
          serial_shops, nicolae_shop_mannequins, gammafunk_ghost_arena,
          kennysheep_generic_room_13
D:9:      layout_stronghold, kennysheep_vampire_church,
          mainiacjoe_overflow_cross_hatched, uniq_harold, uniq_grum,
          uniq_joseph, uniq_maggie
D:10:     layout_basic, nicolae_uskayaw_dance_hall, nicolae_vehumet_radiance,
          amethyst_overflow_temple_binary, lightli_temple_of_fire,
          lair_entry_dummy, nicolae_shop_vocational
Temple:   hellmonk_temple_rainy
Lair:1:   layout_hall_layers, nicolae_lair_lindhole, grunt_megastairs_3

Skill      XL: |  1  2  3  4  5  6  7  8  9 10 11 |
---------------+----------------------------------+-----
Axes           | 2 3 4 5 6 7 8 10 11 | 11.0
Throwing       | 1 2 |  2.1
Fighting       | 4 5 6 8 |  8.9
Dodging        | 1 |  1.7
Invocations    | 3 4 7 |  7.7
Armour         | 4 5 6 |  6.1
Shields        | 8 9 |  9.9

Action                     |  1- 3 |  4- 6 |  7- 9 | 10-12 || total
---------------------------+-------+-------+-------+-------++-------
  Melee: War axe           |    64 |   101 |   326 |   363 ||   854
  Throw: Javelin           |    16 |    41 |    34 |    19 ||   110
         Boomerang         |       |     3 |    64 |    44 ||   111
 Invoke: Heroism           |       |       |     7 |    17 ||    24
    Use: Scroll            |     5 |     4 |    11 |     5 ||    25
         Potion            |       |     1 |     2 |     2 ||     5
   Stab: Sleeping          |       |       |     1 |       ||     1
 Armour: Scale mail        |    41 |    80 |       |       ||   121
         Chain mail        |       |     4 |   232 |   217 ||   453
  Dodge: Dodged            |    33 |    44 |   129 |   118 ||   324
  Block: Buckler           |     9 |    23 |    44 |       ||    76
         Kite shield       |       |       |    65 |   176 ||   241

Table legend:
 A = Non-vault XP
 B = Vault XP
 C = Vault XP percentage of total XP
 D = Non-vault monster count
 E = Vault monster count
 F = Vault count percentage of total count
                 A         B        C        D         E       F
            +---------+---------+-------+---------+---------+-------
      Total |   13054 |    4490 |  25.6 |     196 |      54 |  21.6
            +---------+---------+-------+---------+---------+-------
        D:1 |       9 |       0 |   0.0 |       5 |       0 |   0.0
        D:2 |      60 |       0 |   0.0 |      19 |       0 |   0.0
        D:3 |     189 |     288 |  60.4 |      32 |       7 |  17.9
        D:4 |     236 |     111 |  32.0 |      17 |       6 |  26.1
        D:5 |     740 |     775 |  51.2 |      29 |      18 |  38.3
        D:6 |    1081 |       0 |   0.0 |      16 |       0 |   0.0
        D:7 |    1676 |       0 |   0.0 |      31 |       0 |   0.0
        D:8 |    1616 |     125 |   7.2 |      14 |       1 |   6.7
        D:9 |    2407 |    2304 |  48.9 |      10 |      15 |  60.0
       D:10 |    2652 |       0 |   0.0 |      13 |       0 |   0.0
     Lair:1 |    2388 |     887 |  27.1 |      10 |       7 |  41.2
            +---------+---------+-------+---------+---------+-------
